[Event "Titled Tuesday Blitz June 29 2021"]
[White "lacafi"]
[Black "Tayson_7"]
[WhiteElo "2216"]
[BlackElo "2636"]
[Result "0-1"]
[Round "07"]
[TimeControl "180+1"]
[Date "2021.06.29"]
[WhiteClock "0:00:17"]
[BlackClock "0:01:42"]

1. d4 Nf6 2. Nf3 g6 3. c4 c5 4. e3 Bg7 5. Nc3 O-O 6. Be2 cxd4 7. exd4 d5 8. O-O Nc6 9. h3 b6 10. Bf4 Bb7 11. Rc1 dxc4 12. Bxc4 Rc8 13. Ne2 Na5 14. Bb3 Bxf3 15. gxf3 Qd7 16. Kg2 Nd5 17. Ba4 Nxf4+ 18. Nxf4 Qxd4 19. Qxd4 Bxd4 20. b4 Nc4 21. Nd5 Bf6 22. Rfe1 Kg7 23. Bb3 Ne5 24. f4 Nd3 0-1


[Site "https://www.chess.com"]

[Event "Titled Tuesday Blitz June 29 2021"]
[White "louis198"]
[Black "FairChess_on_YouTube"]
[WhiteElo "2616"]
[BlackElo "2980"]
[Result "0-1"]
[Round "07"]
[TimeControl "180+1"]
[Date "2021.06.29"]
[WhiteClock "0:00:41"]
[BlackClock "0:00:05"]

1. d4 Nf6 2. c4 c5 3. e3 g6 4. Nc3 Bg7 5. Nf3 O-O 6. Be2 cxd4 7. exd4 d5 8. c5 Nc6 9. h3 b6 10. cxb6 axb6 11. O-O Ba6 12. Re1 e6 13. Bg5 h6 14. Bh4 Bxe2 15. Rxe2 Qb8 16. Bg3 Qb7 17. Nb5 Ne4 18. Bh2 Na7 19. Nxa7 Rxa7 20. Rc2 b5 21. a3 Qb6 22. Rac1 b4 23. Rc6 Qb5 24. Qb3 g5 25. Be5 Qa4 26. Qxb4 Qxb4 27. axb4 Rb7 28. Rc8 Rxb4 29. Rxf8+ Bxf8 30. Rc2 f6 31. Bc7 h5 32. g4 hxg4 33. hxg4 Kf7 34. Kf1 Be7 35. Ke2 Ke8 36. Ba5 Rb5 37. Bc3 Bd6 38. Kd3 Bf4 39. b4 Kd7 40. Ra2 Bd6 41. Ra7+ Ke8 42. Ra6 Kd7 43. Ra7+ Kc6 44. Ra4 Nxf2+ 45. Kc2 Nxg4 46. Ra6+ Rb6 47. Ra4 Nf2 48. Nd2 g4 49. Nb3 g3 50. Na5+ Kb5 51. Ra1 Rb8 52. Rg1 Rg8 53. Nb7 Be7 54. Nc5 Bxc5 55. dxc5 g2 56. Bxf6 Nh3 57. Rxg2 Rxg2+ 58. Kd3 Rg4 59. Bd4 Nf4+ 60. Ke3 Ng6 61. c6 Kxc6 0-1


[Site "https://www.chess.com"]

[Event "Titled Tuesday Blitz June 29 2021"]
[White "milovichalex"]
[Black "PLAYER_2006_M"]
[WhiteElo "2395"]
[BlackElo "2556"]
[Result "0-1"]
[Round "07"]
[TimeControl "180+1"]
[Date "2021.06.29"]
[WhiteClock "0:00:51"]
[BlackClock "0:00:38"]

1. e4 e6 2. Nf3 d5 3. e5 c5 4. b4 cxb4 5. a3 b3 6. cxb3 b6 7. d4 Ba6 8. Bxa6 Nxa6 9. O-O Ne7 10. b4 Qd7 11. Ng5 h6 12. Qh5 g6 13. Qh3 Rc8 14. Nf3 Bg7 15. Re1 Rc2 16. Be3 Nc7 17. Nbd2 Nb5 18. a4 Nc3 19. a5 b5 20. Kh1 Nf5 21. Rec1 Rxc1+ 22. Rxc1 Na2 23. Rc5 Nxb4 24. Ne1 Bf8 25. Nb3 Bxc5 26. Nxc5 Qc7 27. g4 Nxe3 28. Qxe3 Qxa5 29. Kg2 Nc6 30. Nf3 g5 31. h4 gxh4 32. Qf4 Qd8 33. Kh3 a5 34. Nb7 Qe7 35. Nd6+ Kf8 36. Nxh4 Kg8 37. Nf3 Rh7 38. Nxb5 Qg5 39. Nxg5 hxg5+ 40. Kg3 gxf4+ 41. Kxf4 a4 0-1


[Site "https://www.chess.com"]

[Event "Titled Tuesday Blitz June 29 2021"]
[White "moro182"]
[Black "exoticprincess"]
[WhiteElo "2709"]
[BlackElo "2870"]
[Result "1/2-1/2"]
[Round "07"]
[TimeControl "180+1"]
[Date "2021.06.29"]
[WhiteClock "0:01:31"]
[BlackClock "0:02:26"]

1. d4 Nf6 2. c4 c5 3. Nf3 e6 4. Nc3 cxd4 5. Nxd4 Be7 6. g3 O-O 7. Bg2 d6 8. O-O a6 9. b3 Qc7 10. Bb2 Nc6 11. Rc1 Nxd4 12. Qxd4 Bd7 13. Rfd1 Rfd8 14. Ne4 Bc6 15. Nxf6+ Bxf6 16. Qd2 Bxb2 17. Qxb2 h6 18. Rd4 Rd7 19. Rcd1 Rad8 20. Qd2 Bxg2 21. Kxg2 b5 22. Qb4 Qc6+ 23. Kg1 d5 24. cxd5 Rxd5 25. Rxd5 Rxd5 26. Rxd5 Qxd5 27. e3 1/2-1/2


[Site "https://www.chess.com"]

[Event "Titled Tuesday Blitz June 29 2021"]
[White "seorobert1971"]
[Black "ChessWarrior7197"]
[WhiteElo "2786"]
[BlackElo "2978"]
[Result "0-1"]
[Round "07"]
[TimeControl "180+1"]
[Date "2021.06.29"]
[WhiteClock "0:00:01"]
[BlackClock "0:00:40"]

1. Nf3 Nf6 2. d4 d5 3. c4 e6 4. Nc3 dxc4 5. e3 a6 6. Bxc4 b5 7. Bd3 Bb7 8. O-O c5 9. dxc5 Bxc5 10. b3 O-O 11. Bb2 Nbd7 12. Qe2 Qe7 13. Rfd1 Rac8 14. Nd2 Ba3 15. Bxa3 Qxa3 16. Nce4 Rfd8 17. Nxf6+ Nxf6 18. Nf3 h6 19. h3 Nd5 20. Rd2 Nc3 21. Qe1 Bxf3 22. gxf3 Qc5 23. Bf1 Qg5+ 24. Kh2 b4 25. Bxa6 Rxd2 26. Qxd2 Rd8 27. Qe1 Qe5+ 28. f4 Qe4 29. a3 Qc2 30. Rc1 Qb2 31. axb4 Rd2 32. Kg2 Ne4 33. Bf1 Rxf2+ 34. Kg1 Qf6 35. Rc8+ Kh7 36. Qxf2 Nxf2 37. Kxf2 Qb2+ 38. Be2 Qxb3 39. b5 g5 40. fxg5 hxg5 41. Rb8 f5 42. b6 f4 43. exf4 gxf4 44. b7 Qe3+ 45. Kf1 Qxh3+ 46. Ke1 Qg3+ 47. Kf1 f3 48. Bd3+ Kg7 49. Re8 Qg2+ 50. Ke1 f2+ 51. Kd1 Qg4+ 52. Kc2 Qa4+ 53. Kc3 Qxe8 0-1


[Site "https://www.chess.com"]

[Event "Titled Tuesday Blitz June 29 2021"]
[White "tgpgoat"]
[Black "nfds"]
[WhiteElo "2326"]
[BlackElo "2494"]
[Result "0-1"]
[Round "07"]
[TimeControl "180+1"]
[Date "2021.06.29"]
[WhiteClock "0:00:05"]
[BlackClock "0:00:03"]

1. b3 Nf6 2. Bb2 c5 3. e3 Nc6 4. Nf3 g6 5. d4 Bg7 6. dxc5 Qa5+ 7. Qd2 Qxc5 8. Bd3 O-O 9. O-O d6 10. Nc3 Bg4 11. Be2 Rac8 12. Na4 Qf5 13. h3 Bxh3 14. gxh3 Qxh3 15. Rfd1 Ng4 16. Bxg7 Kxg7 17. e4 Nce5 18. Qf4 Rxc2 19. Nxe5 Nxe5 20. Rd2 Rfc8 21. Rad1 Rxd2 22. Rxd2 b5 23. Nb2 Rc1+ 24. Nd1 h5 25. Rxd6 exd6 26. Qxc1 h4 27. Qe3 Qd7 28. Qf4 h3 29. Kh2 a6 30. Qe3 Qe6 31. Qxh3 Qf6 32. Qg3 Nc6 33. Ne3 Nd4 34. Bd1 Qe6 35. f3 a5 36. Nd5 a4 37. Qg2 axb3 38. axb3 Qe5+ 39. Qg3 Qh5+ 40. Kg2 Ne6 41. f4 Qxd1 42. f5 Qc2+ 43. Kh3 Qxe4 44. fxe6 Qxe6+ 45. Kg2 Qxd5+ 46. Kh2 Qe5 0-1


[Site "https://www.chess.com"]

[Event "Titled Tuesday Blitz June 29 2021"]
[White "tteshan"]
[Black "arminmusovic"]
[WhiteElo "2371"]
[BlackElo "2537"]
[Result "0-1"]
[Round "07"]
[TimeControl "180+1"]
[Date "2021.06.29"]
[WhiteClock "0:02:10"]
[BlackClock "0:02:59"]

1. e4 c6 2. d4 d5 3. Nc3 dxe4 4. Nxe4 Nf6 5. Nxf6+ exf6 6. c3 Bd6 7. Bd3 O-O 8. Qc2 Re8+ 9. Ne2 Kh8 10. Be3 Nd7 11. O-O Nf8 12. Rfe1 Bg4 13. h3 Bh5 14. Nf4 Bg6 15. Rad1 Rc8 16. Bf5 Rc7 17. c4 Rce7 18. Nxg6+ hxg6 19. Bd3 Bb8 20. g3 Bxg3 21. fxg3 Rxe3 22. Rxe3 Rxe3 0-1


[Site "https://www.chess.com"]

[Event "Titled Tuesday Blitz June 29 2021"]
[White "ulkaf961"]
[Black "yobdc"]
[WhiteElo "2458"]
[BlackElo "2593"]
[Result "1-0"]
[Round "07"]
[TimeControl "180+1"]
[Date "2021.06.29"]
[WhiteClock "0:00:12"]
[BlackClock "0:00:01"]

1. d4 e6 2. c4 f5 3. Nc3 Nf6 4. Bf4 Bb4 5. e3 b6 6. Bd3 Bb7 7. f3 d6 8. Ne2 Nbd7 9. Bg3 Qe7 10. O-O Bxc3 11. Nxc3 O-O 12. Qc2 Rf7 13. b4 a6 14. e4 fxe4 15. fxe4 e5 16. d5 Raf8 17. Bh4 h6 18. Ne2 g5 19. Be1 Nh5 20. Rxf7 Qxf7 21. Ng3 Nxg3 22. Bxg3 Qg7 23. h3 Bc8 24. Be2 Qe7 25. Bg4 Nf6 26. Bxc8 Rxc8 27. Rf1 Rf8 28. Rf5 Nh5 29. Bf2 Rxf5 30. exf5 Nf4 31. Kh2 e4 32. g3 Nd3 33. Bd4 Nxb4 34. Qe2 Nd3 35. Qh5 Ne5 36. Qxh6 Nf3+ 37. Kg2 Nxd4 38. f6 Qf7 39. Qxg5+ Kf8 40. Qh6+ Ke8 41. Qf4 Kd7 42. g4 Nf3 43. Qf5+ Kd8 44. g5 1-0


[Site "https://www.chess.com"]

[Event "Titled Tuesday Blitz June 29 2021"]
[White "viditchess"]
[Black "Arseniy_Nesterov"]
[WhiteElo "3053"]
[BlackElo "2813"]
[Result "1-0"]
[Round "07"]
[TimeControl "180+1"]
[Date "2021.06.29"]
[WhiteClock "0:00:19"]
[BlackClock "0:00:02"]

1. Nf3 d5 2. g3 Nf6 3. Bg2 g6 4. c4 c6 5. b3 Bg7 6. Bb2 O-O 7. O-O a5 8. d3 a4 9. Nbd2 axb3 10. axb3 Rxa1 11. Qxa1 Na6 12. Rc1 Ne8 13. Bxg7 Nxg7 14. cxd5 cxd5 15. Nd4 Nf5 16. Nxf5 Bxf5 17. Qe5 Be6 18. Nf3 h6 19. Nd4 Qd6 20. Qxd6 exd6 21. f4 Kg7 22. Kf2 Kf6 23. Ke3 Re8 24. Kd2 Re7 25. Ra1 Rc7 26. Ra5 Rc5 27. Rb5 Rxb5 28. Nxb5 Ke7 29. Kc3 Bd7 30. Nd4 Nc7 31. Kb4 b6 32. Kc3 h5 33. Nc2 Ke6 34. Kd4 Nb5+ 35. Ke3 Bc6 36. Bh3+ f5 37. Bf1 Bb7 38. Nd4+ Nxd4 39. Kxd4 Bc6 40. e3 Bb5 41. Bg2 Bc6 42. Bf3 Bb7 43. b4 Bc6 44. Bd1 Bb5 45. Bb3 Ke7 46. Bxd5 Ba4 47. e4 Bc2 48. e5 Bb1 49. exd6+ Kxd6 50. Bf7 1-0


[Site "https://www.chess.com"]

[Event "Titled Tuesday Blitz June 29 2021"]
[White "viktorskliarov"]
[Black "NTBT_DHS"]
[WhiteElo "2552"]
[BlackElo "2697"]
[Result "0-1"]
[Round "07"]
[TimeControl "180+1"]
[Date "2021.06.29"]
[WhiteClock "0:00:07"]
[BlackClock "0:00:24"]

1. e4 g6 2. d4 Bg7 3. Nc3 a6 4. h4 h5 5. Bg5 d6 6. f3 Nd7 7. Nh3 c5 8. dxc5 Nxc5 9. Qd2 Bxh3 10. Rxh3 Nf6 11. a4 Rc8 12. a5 Ne6 13. Be3 O-O 14. Bb6 Qd7 15. Be2 Kh7 16. g4 Nc5 17. e5 dxe5 18. Qxd7 Nfxd7 19. gxh5 gxh5 20. O-O-O Nxb6 21. axb6 Rc6 22. Nd5 e6 23. Nb4 Rxb6 24. Nd3 Na4 25. Rg1 Bh6+ 26. Kd1 Nxb2+ 27. Nxb2 Rxb2 28. Bd3+ f5 29. Rhg3 a5 30. Ke2 a4 31. Rg6 Re8 32. Rf6 a3 33. Rf7+ Kh8 34. Rg6 Bf8 35. Bc4 Rxc2+ 36. Kd3 Rxc4 37. Kxc4 a2 38. Rg1 Ra8 39. Ra1 Bg7 40. Rxb7 e4 41. Rxg7 Kxg7 42. fxe4 fxe4 43. Kd4 Ra4+ 44. Ke3 Kf6 45. Kf4 e5+ 46. Ke3 Kf5 47. Rf1+ Kg4 48. Rg1+ Kxh4 49. Rh1+ Kg4 50. Rg1+ Kf5 51. Ra1 Ke6 52. Ke2 Ra3 53. Kd2 e3+ 54. Ke2 e4 55. Ke1 h4 56. Ke2 h3 57. Ke1 h2 58. Ke2 h1=Q 59. Rxh1 a1=Q 60. Rh6+ Kd5 61. Rd6+ Ke5 62. Rd5+ Ke6 63. Rd6+ Kf5 64. Rd5+ Kg6 65. Rg5+ Kf7 66. Rf5+ Qf6 67. Rxf6+ Kxf6 0-1


[Site "https://www.chess.com"]

[Event "Titled Tuesday Blitz June 29 2021"]
[White "vinodchess1981"]
[Black "switlave"]
[WhiteElo "2274"]
[BlackElo "2474"]
[Result "1-0"]
[Round "07"]
[TimeControl "180+1"]
[Date "2021.06.29"]
[WhiteClock "0:00:13"]
[BlackClock "0:00:12"]

1. e4 c5 2. Nf3 d6 3. d4 cxd4 4. Nxd4 Nf6 5. Nc3 g6 6. Be3 Bg7 7. f3 O-O 8. Qd2 Nc6 9. O-O-O Bd7 10. g4 Rc8 11. Kb1 Ne5 12. h4 h5 13. g5 Ne8 14. f4 Ng4 15. Bg1 Nc7 16. Be2 b5 17. f5 b4 18. Nd5 Nxd5 19. exd5 Bxf5 20. Nxf5 gxf5 21. Bd3 e6 22. dxe6 fxe6 23. Ba6 Rc6 24. Bb5 Rb6 25. Bxb6 Qxb6 26. Bd7 d5 27. Rhe1 Bc3 28. Bxe6+ Kg7 29. Qxd5 Bxe1 30. Rxe1 Qf2 31. Rd1 Qxh4 32. Qd7+ Kh8 33. Qe7 Rb8 34. Rd8+ Rxd8 35. Qxd8+ Kg7 36. Qg8# 1-0


[Site "https://www.chess.com"]

[Event "Titled Tuesday Blitz June 29 2021"]
[White "wonderfultime"]
[Black "suyu28"]
[WhiteElo "2857"]
[BlackElo "2622"]
[Result "1-0"]
[Round "07"]
[TimeControl "180+1"]
[Date "2021.06.29"]
[WhiteClock "0:00:12"]
[BlackClock "0:00:03"]

1. d4 d5 2. Nf3 Nf6 3. Bf4 c5 4. c3 Nc6 5. e3 Qb6 6. Qc2 cxd4 7. exd4 Bg4 8. Nbd2 e6 9. Bd3 Be7 10. O-O O-O 11. Ne5 Bh5 12. Bg5 Rfc8 13. Nxc6 bxc6 14. Bxh7+ Nxh7 15. Bxe7 Bg6 16. Qc1 f6 17. Re1 Kf7 18. Bd6 Ng5 19. Bf4 Ne4 20. Nb3 c5 21. f3 cxd4 22. fxe4 dxc3+ 23. Be3 cxb2 24. Qxb2 Qb7 25. exd5 Qxd5 26. Rad1 Qh5 27. Qf2 Rc2 28. Rd2 Rac8 29. h3 Be4 30. Ree2 Rxd2 31. Rxd2 Bd5 32. Qg3 a6 33. Bd4 Rc4 34. Kh2 Qg6 35. Qxg6+ Kxg6 36. Kg3 Kf5 37. Kf2 e5 38. Be3 Bf7 39. Nc5 a5 40. Kf3 Rc3 41. Rd7 Kg6 42. a4 f5 43. g3 Be8 44. Rd6+ Kf7 45. Kf2 Rc2+ 46. Rd2 Rc3 47. Nb7 Bxa4 48. Nxa5 g5 49. Bxg5 Kg6 50. h4 Kh5 51. Re2 Kg4 52. Rxe5 Rf3+ 53. Ke1 Rxg3 54. Nc4 Bc6 55. Ne3+ Kh5 56. Nxf5 Rg1+ 57. Kf2 Rg2+ 58. Kf1 Rc2 59. Ne3 Rc1+ 60. Kf2 Kg6 61. Re6+ Kf7 62. Rf6+ Kg8 63. Nf5 Rc2+ 64. Ke3 Bd7 65. Nh6+ Kg7 66. Rf7+ Kh8 67. Bf6# 1-0


[Site "https://www.chess.com"]

[Event "Titled Tuesday Blitz June 29 2021"]
[White "zmeeed67"]
[Black "rynos0411"]
[WhiteElo "2594"]
[BlackElo "2464"]
[Result "1-0"]
[Round "07"]
[TimeControl "180+1"]
[Date "2021.06.29"]
[WhiteClock "0:00:39"]
[BlackClock "0:01:00"]

1. d4 Nf6 2. c4 e6 3. Nc3 d5 4. cxd5 Nxd5 5. e4 Nxc3 6. bxc3 c5 7. Nf3 cxd4 8. cxd4 Bb4+ 9. Bd2 Bxd2+ 10. Qxd2 O-O 11. Rd1 Nd7 12. Bd3 b6 13. O-O Bb7 14. Rfe1 Rc8 15. Bb1 Qe7 16. d5 exd5 17. exd5 Qd6 18. Ng5 Nf6 19. Qd3 g6 20. Qd4 Qxd5 21. Qxd5 Bxd5 22. Nh3 Rfe8 23. Rxe8+ Rxe8 24. Nf4 Bc6 25. h3 Kg7 26. g4 h6 27. Kh2 Be4 28. Kg3 Bxb1 29. Rxb1 Ne4+ 30. Kg2 Rd8 31. Re1 f5 32. Ne6+ 1-0


[Site "https://www.chess.com"]

[Event "Titled Tuesday Blitz June 29 2021"]
[White "AlexOstrovskiy"]
[Black "GigaQuparadze"]
[WhiteElo "2796"]
[BlackElo "2968"]
[Result "0-1"]
[Round "08"]
[TimeControl "180+1"]
[Date "2021.06.29"]
[WhiteClock "0:00:04"]
[BlackClock "0:01:06"]

1. d4 Nf6 2. Bf4 e6 3. e3 c5 4. Nf3 cxd4 5. exd4 b6 6. Be2 Bb7 7. O-O Be7 8. a4 a6 9. c4 d5 10. Nc3 O-O 11. Re1 Nc6 12. Ne5 dxc4 13. Bf3 Nd5 14. Bg3 Nxe5 15. Bxe5 Rc8 16. h3 Bf6 17. Ne4 Be7 18. Rc1 b5 19. axb5 axb5 20. b3 c3 21. Nc5 Bc6 22. b4 Nxb4 23. Rxc3 Nd5 24. Rb3 b4 25. Nd3 Ba4 26. Qb1 Bxb3 27. Qxb3 Rc3 28. Qb1 Qd7 29. Bxd5 Qxd5 30. Nxb4 Bxb4 31. Qxb4 Rfc8 32. Kh2 h6 33. Ra1 Rc2 34. Bg3 R2c4 35. Qe7 Qxd4 36. Ra7 Qf6 37. Qd7 Rf8 38. Bd6 Rd8 39. Qb5 Qxf2 40. Qxc4 Qxa7 0-1


[Site "https://www.chess.com"]

[Event "Titled Tuesday Blitz June 29 2021"]
[White "Alexander_Zubov"]
[Black "ChessLover0108"]
[WhiteElo "3006"]
[BlackElo "2853"]
[Result "0-1"]
[Round "08"]
[TimeControl "180+1"]
[Date "2021.06.29"]
[WhiteClock "0:00:10"]
[BlackClock "0:00:09"]

1. e4 c5 2. Nf3 d6 3. d4 cxd4 4. Qxd4 a6 5. c4 Nc6 6. Qe3 Bg4 7. Nbd2 g6 8. h3 Bxf3 9. Nxf3 Bh6 10. Qc3 Qa5 11. Qxa5 Nxa5 12. Bxh6 Nxh6 13. Bd3 f6 14. Nd2 Nf7 15. f4 g5 16. g3 Rg8 17. Kf2 O-O-O 18. Nf3 h5 19. h4 gxf4 20. gxf4 Rg4 21. Ke3 Nc6 22. Rag1 Nh6 23. Be2 Rdg8 24. b3 Kc7 25. a3 e5 26. fxe5 dxe5 27. c5 Nd4 28. Kf2 Nxe2 29. Kxe2 Rxe4+ 30. Kd3 Rxg1 31. Rxg1 Rf4 32. Rg7+ Kc6 33. Nd2 Nf5 34. Rh7 Rd4+ 35. Kc3 Rxh4 36. Nc4 Kxc5 37. Rc7+ Kd5 38. Rxb7 Rh3+ 39. Kd2 Nd4 40. Na5 h4 41. a4 Rf3 42. b4 h3 43. Rh7 Ra3 44. Nb7 h2 45. b5 axb5 46. axb5 Ra1 0-1


[Site "https://www.chess.com"]

[Event "Titled Tuesday Blitz June 29 2021"]
[White "Alexsur1981"]
[Black "viditchess"]
[WhiteElo "2874"]
[BlackElo "3060"]
[Result "0-1"]
[Round "08"]
[TimeControl "180+1"]
[Date "2021.06.29"]
[WhiteClock "0:00:07"]
[BlackClock "0:00:12"]

1. e4 c5 2. Nc3 e6 3. Nf3 Nc6 4. Bb5 Nd4 5. O-O a6 6. Bd3 Nc6 7. Be2 Nd4 8. Bd3 Nc6 9. Be2 Qc7 10. d4 cxd4 11. Nxd4 Nf6 12. Be3 Be7 13. Nxc6 bxc6 14. Na4 Nxe4 15. Nb6 Rb8 16. Nxc8 Qxc8 17. Qd3 d5 18. f3 Nd6 19. b3 a5 20. Rab1 O-O 21. Kh1 Ra8 22. c4 dxc4 23. bxc4 Nf5 24. Bg1 Rd8 25. Qc2 Nd4 26. Bxd4 Rxd4 27. Bd3 g6 28. Rfd1 Qc7 29. Be2 Bf6 30. Rxd4 Bxd4 31. Qe4 Rd8 32. Rd1 c5 33. Rb1 Rd7 34. f4 Kg7 35. Bf3 Bf6 36. Qe3 Rd4 37. g3 Rxc4 38. h4 Rb4 39. Rd1 Bd4 40. Qe2 Rb2 41. Qc4 Qb6 42. h5 Qb4 43. Qf1 Rxa2 44. Qh3 Qb2 45. h6+ Kf8 46. Qh4 Bf6 47. Qh3 Ra1 48. Qf1 Rxd1 49. Bxd1 Qc1 50. Qd3 Bd4 51. Kg2 Qe3 52. Qxe3 Bxe3 53. Kf3 Bd4 54. Bb3 Ke7 55. g4 Bb2 56. Ke4 f5+ 57. Kf3 fxg4+ 58. Kxg4 Kf6 59. Bc4 Bc1 60. Ba2 a4 61. Bc4 a3 62. Ba2 e5 63. fxe5+ Kxe5 64. Bg8 Bxh6 0-1


[Site "https://www.chess.com"]

[Event "Titled Tuesday Blitz June 29 2021"]
[White "AnotherGrumpy"]
[Black "Rodalquilar"]
[WhiteElo "2583"]
[BlackElo "2746"]
[Result "1-0"]
[Round "08"]
[TimeControl "180+1"]
[Date "2021.06.29"]
[WhiteClock "0:00:21"]
[BlackClock "0:00:43"]

1. d4 Nf6 2. c4 e6 3. Nf3 d5 4. Nc3 Bb4 5. Bg5 h6 6. Bxf6 Qxf6 7. e3 O-O 8. Bd3 dxc4 9. Bxc4 c5 10. O-O cxd4 11. Nxd4 Bxc3 12. bxc3 Bd7 13. Rb1 Rc8 14. Be2 e5 15. Nb5 Bc6 16. Qd6 Qxd6 17. Nxd6 Rc7 18. Bc4 Kf8 19. f4 e4 20. f5 Ke7 21. Nxf7 Be8 22. Ne5 Kd6 23. f6 gxf6 24. Rxf6+ Kxe5 25. Re6+ Kf5 26. Rf1+ Kg5 27. Rxe8 Rxc4 28. Rg8+ Kh4 29. Rf4+ Kh5 30. Rf5+ Kh4 31. g3+ Kh3 32. Rh5# 1-0


[Site "https://www.chess.com"]

[Event "Titled Tuesday Blitz June 29 2021"]
[White "Arseniy_Nesterov"]
[Black "Kretov_Evgenij"]
[WhiteElo "2810"]
[BlackElo "2643"]
[Result "1-0"]
[Round "08"]
[TimeControl "180+1"]
[Date "2021.06.29"]
[WhiteClock "0:00:47"]
[BlackClock "0:00:40"]

1. d4 Nf6 2. c4 c5 3. d5 e5 4. Nc3 d6 5. e4 Be7 6. h3 O-O 7. Nf3 Ne8 8. Bd3 Nd7 9. O-O g6 10. a3 Ng7 11. b4 a5 12. bxa5 Rxa5 13. a4 f5 14. Bd2 f4 15. Nb5 Ra6 16. Nh2 h5 17. Be2 Nf6 18. f3 g5 19. Qb3 Rf7 20. Qd3 Nge8 21. Rfb1 Rg7 22. Nc3 g4 23. fxg4 hxg4 24. hxg4 Nxg4 25. Nxg4 Bxg4 26. Rxb7 Nf6 27. Rab1 Ra8 28. Bxg4 Nxg4 29. Qh3 Qf8 30. Nb5 f3 31. gxf3 Ne3+ 32. Kf2 Rg2+ 33. Qxg2+ Nxg2 34. Rg1 Qf6 35. Rxg2+ Kf8 36. Bg5 Qxg5 37. Rxg5 Bxg5 38. Nxd6 Rxa4 39. Kg3 Ra1 40. Kg4 Be7 41. Rb8+ Kg7 42. Nf5+ Kf6 43. Rb6+ Kf7 44. Rb7 Rg1+ 45. Kh3 1-0


[Site "https://www.chess.com"]

[Event "Titled Tuesday Blitz June 29 2021"]
[White "AryanTari"]
[Black "VladDobrov"]
[WhiteElo "2954"]
[BlackElo "2788"]
[Result "0-1"]
[Round "08"]
[TimeControl "180+1"]
[Date "2021.06.29"]
[WhiteClock "0:00:06"]
[BlackClock "0:01:00"]

1. e4 c5 2. Nc3 Nc6 3. f4 g6 4. Nf3 Bg7 5. Bb5 Nd4 6. O-O Nxb5 7. Nxb5 d5 8. e5 d4 9. c3 a6 10. Na3 Nh6 11. cxd4 cxd4 12. Qa4+ b5 13. Qxd4 Bb7 14. h3 Nf5 15. Qf2 O-O 16. Nc2 Rc8 17. Ne3 Nd4 18. Nxd4 Qxd4 19. Kh2 f6 20. exf6 exf6 21. f5 g5 22. d3 Rfd8 23. Bd2 Qxb2 24. Rad1 Rxd3 25. Qe1 Qe5+ 26. Kh1 Rcd8 27. Rf2 Bf8 28. Rc1 Bd6 29. Re2 0-1


[Site "https://www.chess.com"]

[Event "Titled Tuesday Blitz June 29 2021"]
[White "BigAl"]
[Black "DeTimmerman"]
[WhiteElo "2612"]
[BlackElo "2794"]
[Result "1/2-1/2"]
[Round "08"]
[TimeControl "180+1"]
[Date "2021.06.29"]
[WhiteClock "0:00:08"]
[BlackClock "0:00:28"]

1. Nf3 Nf6 2. g3 e6 3. Bg2 d5 4. O-O Be7 5. d3 O-O 6. Nbd2 b5 7. e4 Bb7 8. a4 b4 9. exd5 Nxd5 10. a5 a6 11. Nc4 Nd7 12. Re1 c5 13. h4 Re8 14. Bg5 Nf8 15. Bxe7 Qxe7 16. Nfe5 f6 17. Nf3 e5 18. h5 Rad8 19. Nh4 Bc8 20. Be4 Ne6 21. Nf5 Qf8 22. Nb6 Bb7 23. Qg4 Ng5 24. Bxd5+ Bxd5 25. Nxd5 Rxd5 26. f4 Nf7 27. Ne3 Rd4 28. Nf5 Rd5 29. Qf3 Red8 30. Ne3 Rd4 31. Nf5 R4d5 32. Ne3 Rd4 33. Nc4 exf4 34. gxf4 Nd6 35. Nxd6 Qxd6 36. Rf1 b3 37. cxb3 Rxd3 38. Qg4 Rxb3 39. Rad1 Rd3 40. Rxd3 Qxd3 41. h6 Qg6 42. Qxg6 hxg6 43. hxg7 Kxg7 44. Rc1 Rd5 45. Kf2 c4 46. Ke3 Rxa5 47. Rxc4 Rb5 48. b4 a5 49. bxa5 Rxa5 50. Rc6 Ra4 51. Kf3 f5 52. Rd6 Kh6 53. Rd8 Ra3+ 54. Kg2 Kh5 55. Rd6 Rb3 56. Kf2 Kg4 57. Rxg6+ Kxf4 58. Ra6 Rb2+ 59. Kf1 Kg4 60. Ra4+ f4 61. Ra3 Rc2 62. Kg1 Re2 63. Kf1 Re4 64. Kf2 Rb4 65. Kf1 Kf5 66. Kf2 Ke4 67. Kf1 Rb2 68. Rh3 Rd2 69. Ra3 Kf5 70. Rh3 Rd4 71. Ra3 Kg4 72. Kf2 Re4 73. Kf1 f3 74. Ra8 Kf4 75. Kf2 Re2+ 76. Kf1 Rb2 77. Rf8+ Ke3 78. Re8+ Kd3 79. Rd8+ Ke4 80. Re8+ Kf4 81. Rf8+ Ke3 82. Re8+ Kd4 83. Rd8+ Ke5 84. Re8+ Kf5 85. Rf8+ Kg4 86. Rg8+ Kf4 87. Rf8+ 1/2-1/2


[Site "https://www.chess.com"]

[Event "Titled Tuesday Blitz June 29 2021"]
[White "Byniolus"]
[Black "Jospem"]
[WhiteElo "2768"]
[BlackElo "2954"]
[Result "1-0"]
[Round "08"]
[TimeControl "180+1"]
[Date "2021.06.29"]
[WhiteClock "0:00:28"]
[BlackClock "0:00:38"]

1. d4 Nf6 2. Bf4 c5 3. e3 e6 4. c3 b6 5. Nd2 Bb7 6. Ngf3 Be7 7. h3 O-O 8. Bd3 cxd4 9. cxd4 d6 10. O-O a6 11. Qe2 Nc6 12. a3 b5 13. e4 Re8 14. Rad1 Qb6 15. Be3 d5 16. e5 Nd7 17. Nb3 Na5 18. Nc5 Nf8 19. Bg5 b4 20. Bxe7 Rxe7 21. Rc1 Bc8 22. axb4 Qxb4 23. Bxa6 Nb3 24. Bxc8 Nxc1 25. Rxc1 Rxc8 26. Kh2 Rec7 27. Na6 Qb6 28. Rxc7 Rxc7 29. Nxc7 Qxc7 30. b4 h6 31. Qa6 Qc2 32. b5 Qe2 33. Qc6 Ng6 34. Qe8+ Kh7 35. Qxf7 Qxb5 36. Qxe6 Qe2 37. Qf5 Qxf2 38. Ng5+ 1-0


[Site "https://www.chess.com"]

[Event "Titled Tuesday Blitz June 29 2021"]
[White "Carnivoras"]
[Black "IMTominho"]
[WhiteElo "2655"]
[BlackElo "2834"]
[Result "1-0"]
[Round "08"]
[TimeControl "180+1"]
[Date "2021.06.29"]
[WhiteClock "0:00:09"]
[BlackClock "0:00:10"]

1. d4 d5 2. c4 c6 3. Nc3 Nf6 4. Bg5 dxc4 5. e4 b5 6. e5 b4 7. Na4 Ne4 8. Be3 Qa5 9. Bxc4 b3+ 10. Kf1 Qxa4 11. axb3 Qb4 12. f3 Nd6 13. exd6 exd6 14. Ne2 d5 15. Bd3 Be7 16. Qc2 h6 17. Kf2 O-O 18. Rhc1 Bh4+ 19. Kg1 Re8 20. Qd2 Qe7 21. Bf4 Bb7 22. Ng3 Bg5 23. Re1 Qd8 24. Bxg5 Rxe1+ 25. Rxe1 hxg5 26. Qxg5 Nd7 27. Qxd8+ Rxd8 28. Nf5 Kf8 29. Ra1 c5 30. Rxa7 Bc6 31. Rc7 Ba8 32. dxc5 Ne5 33. Bf1 d4 34. f4 Nd7 35. Nd6 Bd5 36. b4 Nf6 37. b5 Be6 38. b6 Nd5 39. Ra7 Nxf4 40. b7 Bd5 41. Bc4 Bc6 42. b4 d3 43. b5 d2 44. Bb3 Bd5 45. Bd1 g5 46. c6 Kg7 47. c7 Rxd6 48. b8=Q Re6 49. c8=Q Re1+ 50. Kf2 Nd3+ 51. Kg3 Re3+ 52. Bf3 Rxf3+ 53. gxf3 d1=Q 54. Qg8+ Kf6 55. Qbd8+ Ke5 56. Qdxg5+ Kd4 57. Ra4+ Kc3 58. Qc8+ Kb3 59. Qxd5+ Kxa4 60. Qcc4+ Ka5 61. b6+ Kxb6 62. Qcb5+ Kc7 63. Qbb7# 1-0


[Site "https://www.chess.com"]

[Event "Titled Tuesday Blitz June 29 2021"]
[White "ChessWarrior7197"]
[Black "Murad_Ibrahimli"]
[WhiteElo "2982"]
[BlackElo "2837"]
[Result "1/2-1/2"]
[Round "08"]
[TimeControl "180+1"]
[Date "2021.06.29"]
[WhiteClock "0:00:03"]
[BlackClock "0:00:03"]

1. d4 Nf6 2. c4 e6 3. Nc3 Bb4 4. g3 c5 5. Nf3 Ne4 6. Qd3 Qa5 7. Qxe4 Bxc3+ 8. Bd2 Bxd2+ 9. Nxd2 Qb6 10. dxc5 Qxb2 11. Rb1 Qc3 12. Qd3 Qxd3 13. exd3 Na6 14. Ne4 Ke7 15. d4 Rb8 16. Bg2 b6 17. Kd2 bxc5 18. Nxc5 d6 19. Rxb8 Nxb8 20. Rb1 dxc5 21. Rxb8 cxd4 22. c5 Kd7 23. Ra8 e5 24. Bd5 Rf8 25. Rxa7+ Kd8 26. a4 f5 27. a5 Rf6 28. Rxg7 Ra6 29. c6 Rxa5 30. c7+ Ke8 31. Bc6+ Kf8 32. Rxh7 Rc5 33. Rh8+ Ke7 34. Rxc8 Rxc6 35. Rh8 Rxc7 36. Rh7+ Kd6 37. Rxc7 Kxc7 38. h4 Kd6 39. h5 Ke6 40. Kd3 Kf6 41. f4 e4+ 42. Kxd4 Kg7 43. g4 fxg4 44. f5 g3 45. Ke3 Kf7 46. h6 Kf6 47. Ke2 Kf7 48. Ke3 Kf6 49. Ke2 Kf7 50. Ke3 1/2-1/2


[Site "https://www.chess.com"]

[Event "Titled Tuesday Blitz June 29 2021"]
[White "DenLaz"]
[Black "Aborigen_came"]
[WhiteElo "2844"]
[BlackElo "2672"]
[Result "1-0"]
[Round "08"]
[TimeControl "180+1"]
[Date "2021.06.29"]
[WhiteClock "0:00:20"]
[BlackClock "0:00:11"]

1. d4 Nc6 2. d5 Ne5 3. e4 e6 4. Nf3 Nxf3+ 5. Qxf3 e5 6. Be3 Nf6 7. Nd2 Bb4 8. c3 Be7 9. Qg3 O-O 10. Qxe5 Ng4 11. Qf4 Nxe3 12. Qxe3 c6 13. Bc4 b5 14. Bb3 Bb7 15. O-O cxd5 16. Bxd5 Bxd5 17. exd5 Re8 18. Qf3 Bc5 19. Ne4 Rc8 20. Rfe1 d6 21. Re2 Bb6 22. Rae1 Qd7 23. Qg3 Kh8 24. Qf4 Bc7 25. Ng5 Kg8 26. Qf5 1-0


[Site "https://www.chess.com"]